Unix NetHack Version 5.0.0-0 post-release - last build May 10 2026 23:12:36 (d1fa5d53e341ca933230fdaa984d921c805b60aa,branch:main).

Game began 2026-05-12 11:00:05, ended 2026-05-12 11:08:13.

Drastanta, chaotic male human Wizard

                                     ########## -------------
                                      --------##............|
                                      |.{.....##|....%.....<|
                                      |...h..| #-...........|
                                      +%.@'...  |...........|
                                      ----..f|  --|----------
                                         |...|
                                         |...|
                                         -----

Drastanta the Conjurer    St:10 Dx:12 Co:15 In:18 Wi:11 Ch:11  Chaotic
Dlvl:4  $:35 HP:0(36) Pw:31(38) AC:9  Xp:4 T:1124  Burdened

Latest messages:
 The kitten bites the jackal.
 The jackal is killed!
 Your kitten eats a jackal corpse.
 The kitten misses it.
 The kitten misses it.
 You swap places with your kitten.
 You swap places with your kitten.
 You swap places with your kitten.
 You hear a door open.
 You hear some noises.
 You hear some noises in the distance.
 You see here a scroll labeled ZLORFIK.
 You have a little trouble lifting G - a scroll labeled ZLORFIK.
 The straw golem hits!
 The straw golem hits again!
 The straw golem hits!
 The straw golem hits again!
 You swap places with your kitten.
 The straw golem hits!
 The straw golem hits again!
 In what direction? 6
 The spell hits the straw golem!
 The straw golem hits!
 The straw golem hits again!
 The straw golem hits!
 The straw golem hits again!
 The kitten misses the dwarf.
 You hit the straw golem.
 The straw golem hits!
 The straw golem hits again!
 The kitten bites the straw golem.
 The straw golem hits the kitten.
 The straw golem knocks your kitten backward with a forceful blow!
 You miss the straw golem.
 The straw golem hits!
 The straw golem hits again!
 The kitten misses the dwarf.
 You miss the straw golem.
 The straw golem hits!
 The straw golem hits again!
 The straw golem hits!
 The straw golem hits again!
 The dwarf swings her broad pick.
 The dwarf hits!
 You die...
 Do you want your possessions identified? [ynq] (y) n
 Do you want to see your attributes? [ynq] (y) n
 Do you want an account of creatures vanquished? [ynaq] (y) n
 Do you want to see your conduct and achievements? [ynq] (y) n
 Do you want to see the dungeon overview? [ynq] (y) n

Inventory:
 Coins    ('$')
  $ - 35 gold pieces
 Weapons  (')')
  a - a blessed +1 quarterstaff (weapon in hands)
 Armor    ('[')
  u - a cursed -1 pair of levitation boots
  b - an uncursed +0 cloak of magic resistance (being worn)
  F - an uncursed +0 elven mithril-coat
 Comestibles  ('%')
  t - 2 uncursed food rations
  x - 2 uncursed tripe rations
 Scrolls  ('?')
  j - an uncursed scroll of create monster
  i - an uncursed scroll of destroy armor
  B - 2 uncursed scrolls of enchant weapon
  y - a blessed scroll of identify
  k - 2 uncursed scrolls of identify
  G - an uncursed scroll of stinking cloud
 Spellbooks  ('+')
  z - an uncursed spellbook of cure blindness
  l - a blessed spellbook of force bolt
  m - an uncursed spellbook of knock
  D - an uncursed spellbook of slow monster
 Potions  ('!')
  q - an uncursed potion of fruit juice
  r - 3 blessed potions of healing
  A - a cursed potion of healing
  g - an uncursed potion of invisibility
  v - an uncursed potion of monster detection
  p - a cursed potion of monster detection
  f - an uncursed potion of sickness
  w - a blessed potion of speed
  h - an uncursed potion of speed
  C - an uncursed potion of water
 Rings    ('=')
  d - an uncursed +2 ring of adornment
  s - an uncursed ring of cold resistance
  e - an uncursed ring of sustain ability
 Wands    ('/')
  c - a wand of magic missile (0:8)
  o - a wand of undead turning (0:3)
 Tools    ('(')
  E - an uncursed blindfold
  n - a magic marker (0:21)

Drastanta the Wizard's attributes:

Background:
 You were a Conjurer, a level 4 male human Wizard.
 You were chaotic, on a mission for Anhur
 who was opposed by Ptah (lawful) and Thoth (neutral).
 You were right-handed.
 You were in the Dungeons of Doom, on level 4.
 You entered the dungeon 1124 turns ago.
 You had 98 experience points, 62 more were needed to attain level 5.

Basics:
 You had 0 out of 36 hit points.
 You had 31 out of 38 energy points (spell power).
 Your armor class was 9.
 Your wallet contained 35 zorkmids.
 Autopickup was off.

Final Characteristics:
 Your strength was 10 (limit:18/100).
 Your dexterity was 12 (limit:18).
 Your constitution was 15 (limit:18).
 Your intelligence was 18 (limit:18).
 Your wisdom was 11 (limit:18).
 Your charisma was 11 (limit:18).

Final Status:
 You weren't hungry.
 You were burdened; movement was slightly slowed.
 You were wielding a quarterstaff.
 You had basic skill with quarterstaff.

Final Attributes:
 You were devoutly aligned.
 You were magic-protected.
 You were warded.
 You are dead.

Miscellaneous:
 You didn't encounter any bones levels.
 Total elapsed playing time was 8 minutes and 8 seconds.

Major events:
 Turn
    1: Drastanta the chaotic male human Wizard entered the dungeon
  678: attained the rank of Conjurer (level 3)
 1124: killed by a dwarf

Spells:
 Name                 Level Category     Fail Retention
 force bolt             1   attack         0%  91%-100%
 knock                  1   matter         0%  76%-100%

Skills:
 Fighting Skills
   bare handed combat [Unskilled]
   riding             [Unskilled]
 Weapon Skills
   dagger             [Unskilled]
   knife              [Unskilled]
   axe                [Unskilled]
   short sword        [Unskilled]
   club               [Unskilled]
   mace               [Unskilled]
   quarterstaff       [Basic]
   polearms           [Unskilled]
   spear              [Unskilled]
   trident            [Unskilled]
   sling              [Unskilled]
   dart               [Unskilled]
   shuriken           [Unskilled]
 Spellcasting Skills
   attack spells      [Basic]
   healing spells     [Unskilled]
   divination spells  [Unskilled]
   enchantment spells [Basic]
   clerical spells    [Unskilled]
   escape spells      [Unskilled]
   matter spells      [Unskilled]

Voluntary challenges:
 Character rerolling was not enabled.
 You never genocided any monsters.
 You never polymorphed an object.
 You never changed form.
 You used no wishes.
Achievement:
 You attained the rank of Conjurer.

 The Dungeons of Doom: levels 1 to 4
    Level 1:
       A fountain, a grave.
    Level 2:
       A sink.
    Level 3:
    Level 4: <- You were here.
       A fountain.
       Final resting place for
          you, killed by a dwarf.


Vanquished creatures:
  a shrieker
 an elf zombie
  a floating eye
 an acid blob
  a hobbit
  2 cave spiders
  a gecko
  a jackal
  4 foxes
  2 goblins
  2 sewer rats
  a grid bug
  2 bats
  4 lichens
  5 newts
29 creatures vanquished.

No species were genocided or became extinct.

Game over:
                       ----------
                      /          \
                     /    REST    \
                    /      IN      \
                   /     PEACE      \
                  /                  \
                  |    Drastanta     |
                  |      35 Au       |
                  |   killed by a    |
                  |      dwarf       |
                  |                  |
                  |                  |
                  |       2026       |
                 *|     *  *  *      | *
        _________)/\\_//(\/(/\)/\//\/|_)_______

Goodbye Drastanta the Wizard...

You died in The Dungeons of Doom on dungeon level 4 with 574 points,
and 35 pieces of gold, after 1124 moves.
You were level 4 with a maximum of 36 hit points when you died.

